 Dungeon Crawl Stone Soup version 0.30-a0-121-gb27577e5d9 (webtiles) character file.

Game seed: 15225096577513505666

956 LnG the Cleaver (level 8, -5/70 HPs)
             Began as a Hill Orc Fighter on Sept 14, 2022.
             Was a Follower of Uskayaw.
             Slain by Menkaure (10 damage)
             ... on level 6 of the Dungeon.
             The game lasted 00:08:10 (4469 turns).

LnG the Cleaver (Hill Orc Fighter)                  Turns: 4469, Time: 00:08:11

Health: -5/70      AC: 15    Str: 27    XL:     8   Next: 14%
Magic:  8/8        EV: 10    Int:  8    God:    Uskayaw [*.....]
Gold:   130        SH:  4    Dex: 10    Spells: 7/7 levels left

rFire   . . .      SeeInvis .    a - +1 war axe (protect)
rCold   . . .      Faith    .    c - +0 buckler
rNeg    + . .      Spirit   .    b - +0 scale mail
rPois   .          Reflect  .    w - +0 helmet
rElec   .          Harm     .    (no cloak)
rCorr   .          Rampage  .    (no gloves)
Will    .....                    (no boots)
Stlth   ..........               e - amulet of regeneration
HPRegen 1.01/turn                i - ring of positive energy
MPRegen 0.11/turn                y - +6 ring of strength

@: under a protective aura
A: no striking features
a: Renounce Religion, Stomp


You were on level 6 of the Dungeon.
You worshipped Uskayaw.
Uskayaw was noncommittal.
You visited 2 branches of the dungeon, and saw 7 of its levels.

You collected 402 gold pieces.
You spent 272 gold pieces at shops.

Inventory:

Hand Weapons
 a - a +1 war axe of protection (weapon)
Missiles
 C - 3 boomerangs (quivered)
Armour
 b - a +0 scale mail (worn)
 c - a +0 buckler (worn)
 w - a +0 helmet (worn)
Jewellery
 e - an amulet of regeneration (around neck)
 i - a ring of positive energy (left hand)
 y - a +6 ring of strength (right hand)
Wands
 o - a wand of mindburst (19)
 z - a wand of acid (14)
Scrolls
 f - 2 scrolls of fear
 l - a scroll of poison
 n - a scroll of summoning
 p - 3 scrolls of teleportation
 q - a scroll of vulnerability
 s - 2 scrolls of silence {unknown}
 t - 3 scrolls of noise {unknown}
 u - a scroll of magic mapping {unknown}
 v - a scroll of amnesia {unknown}
 x - a scroll of enchant armour {unknown}
 B - 2 scrolls of blinking
Potions
 d - a potion of magic {unknown}
 g - 4 potions of curing {unknown}
 h - 2 potions of berserk rage {unknown}
 j - a potion of heal wounds {unknown}
 k - a potion of brilliance {unknown}
 m - 3 potions of haste {unknown}
 r - 2 potions of degeneration {unknown}
 A - a potion of ambrosia {unknown}


   Skills:
 + Level 6.0 Fighting
 + Level 8.0 Axes
 + Level 5.2 Armour
 + Level 1.9 Dodging
 + Level 1.0 Stealth
 + Level 4.6 Shields


You had 7 spell levels left.
You didn't know any spells.
Your spell library contained the following spells:

 Spells                   Type           Power      Damage    Failure   Level
 Freeze                   Ice            0%         1d3       77%         1
 Slow                     Hex            0%         N/A       77%         1
 Static Discharge         Conj/Air       0%         3-3/arc   88%         2
 Sublimation of Blood     Necr           0%         N/A       88%         2
 Wereblood                Tmut           0%         N/A       88%         2
 Confusing Touch          Hex            0%         N/A       98%         3
 Frozen Ramparts          Ice            0%         1d1       98%         3
 Inner Flame              Hex/Fire       0%         N/A       98%         3
 Vampiric Draining        Necr           0%         2d6       98%         3
 Cause Fear               Hex            0%         N/A       100%        4
 Hailstorm                Conj/Ice       0%         3d3       100%        4
 Arcjolt                  Conj/Air       0%         1d10      100%        5
 Lightning Bolt           Conj/Air       0%         1d11      100%        5
 Summon Hydra             Summ           0%         N/A       100%        7
 Discord                  Hex            0%         N/A       100%        8
 Maxwell's Capacitive Co  Air            0%         ∞         100%        8


Dungeon Overview and Level Annotations

Branches:
Dungeon (6/15)             Temple (1/1) D:4

Altars:
Ashenzari
Cheibriados
Dithmenos
Elyvilon
Gozag
Kikubaaqudgha
Makhleb
Nemelex Xobeh
Ru
Trog
Uskayaw
Vehumet
Wu Jian
Yredelemnul

Shops:
D:4 ?

Annotations:
D:6 Menkaure


Message History

Your weapon exudes an aura of protection.
Your hands burn!
The jelly is almost dead.
The jelly barely misses you.
You slash the jelly!
You kill the jelly!
You can now pass through a line of other dancers.
Your Axes skill increases to level 8!
No target in view!
No target in view!
You now have 121 gold pieces (gained 10).
You now have 130 gold pieces (gained 9).
Found a ring mail.
Found a broken altar of Ashenzari.
Menkaure, Prince of Dust comes into view.
Found a stone staircase leading up.
Menkaure shouts!
You hear a shout!
Menkaure calls on the powers of darkness!
Your body is wracked with pain!
No target in view!
An orc comes into view. It is wielding a +0 trident.
Found a stone staircase leading down.
Menkaure shouts, "The sands of time shall wipe you from history!"
Menkaure hits you!!
You are too injured to fight recklessly!
You closely miss Menkaure.
Menkaure screams, "Why can't you leave me to my rest?"
Menkaure hits you!
* * * LOW HITPOINT WARNING * * *
You slash Menkaure!
Your weapon exudes an aura of protection.
Menkaure is heavily damaged.
Menkaure hits you but does no damage.
The orc hits you from afar with a +0 trident.
* * * LOW HITPOINT WARNING * * *
You barely miss Menkaure.
Menkaure is heavily damaged.
The orc hits you from afar with a +0 trident.
* * * LOW HITPOINT WARNING * * *
Menkaure hits you!
You die...

#.....# #....#
#.....<...... .....##
##............ ..)...#
##............. ......##
#..............
.......###..............
.....#..##.....[.o......
..#####..###.....M....>.
### ###..#....@......#
#....§≈§≈§.≈§≈.#
#....§.§.....≈.#
#.....≈.###.#.§.#
#.....≈.#...#.≈..
#...§.≈.#._.#.≈..
#....§.≈.#...#.≈..
#......≈.#.###.≈..
.......≈.


You could see Menkaure and an orc.

Vanquished Creatures
  2 black bears
  An ice beast (D:5)
  A centaur (D:5)
  A scorpion (D:4)
  A howler monkey (D:5)
  A quasit (D:5)
  2 jellies
  An orc priest (D:6)
  3 hounds (D:5)
  An iguana (D:4)
  2 orc wizards (D:3)
  3 gnolls (D:3)
  9 adders
  2 shadow imps (D:5)
  A white imp (D:5)
  A worm (D:2)
  A dart slug (D:3)
  7 orcs
  5 bats
  8 endoplasms
  4 giant cockroaches
  4 goblins
  8 hobgoblins
  5 jackals (D:1)
  5 kobolds
  4 quokkas
  2 ball pythons (D:1)
  4 frilled lizards (D:1)
  2 rats (D:2)
91 creatures vanquished.

Vanquished Creatures (others)
  2 plants (D:6)
2 creatures vanquished.

Grand Total: 93 creatures vanquished

Notes
Turn   | Place    | Note
-------+----------+-------------------------------------------
     0 | D:1      | LnG the Hill Orc Fighter began the quest for the Orb.
     0 | D:1      | Reached XP level 1. HP: 19/19 MP: 1/1
   443 | D:1      | Reached XP level 2. HP: 21/27 MP: 2/2
   612 | D:1      | Reached skill level 3 in Axes
   706 | D:1      | Reached XP level 3. HP: 31/33 MP: 3/3
  1259 | D:2      | Reached XP level 4. HP: 40/40 MP: 4/4
  1294 | D:2      | Reached skill level 4 in Axes
  1306 | D:2      | Found a faded altar of an unknown god.
  1555 | D:3      | Reached XP level 5. HP: 23/47 MP: 5/5
  1572 | D:3      | Reached skill level 5 in Axes
  1880 | D:3      | Found a sacrificial altar of Ru.
  2395 | D:4      | Found a staircase to the Ecumenical Temple.
  2401 | Temple   | Entered the Ecumenical Temple
  2577 | Temple   | Became a worshipper of Uskayaw the Reveller
  2793 | D:4      | Reached * piety under Uskayaw
  2794 | D:4      | Reached skill level 5 in Fighting
  2919 | D:4      | Found Piree's Magic Scroll Emporium.
  2929 | D:4      | Reached ** piety under Uskayaw
  2934 | D:4      | Reached XP level 6. HP: 54/56 MP: 6/6
  2952 | D:4      | Bought a scroll of identify for 26 gold pieces
  2952 | D:4      | Bought a scroll of brand weapon for 123 gold pieces
  2952 | D:4      | Bought a scroll of identify for 26 gold pieces
  2952 | D:4      | Bought a scroll of blinking for 97 gold pieces
  3029 | D:4      | Noticed a black bear
  3035 | D:4      | Reached *** piety under Uskayaw
  3036 | D:4      | Killed a black bear
  3037 | D:4      | Reached skill level 6 in Axes
  3037 | D:4      | Reached skill level 1 in Dodging
  3247 | D:5      | Entered Level 5 of the Dungeon
  3278 | D:5      | Reached XP level 7. HP: 44/61 MP: 7/7
  3647 | D:5      | Reached skill level 5 in Armour
  3942 | D:5      | Reached skill level 7 in Axes
  4137 | D:5      | Found a burning altar of Makhleb.
  4416 | D:6      | Reached skill level 1 in Stealth
  4416 | D:6      | Reached XP level 8. HP: 66/70 MP: 8/8
  4444 | D:6      | Reached skill level 8 in Axes
  4460 | D:6      | Found a broken altar of Ashenzari.
  4462 | D:6      | Noticed Menkaure
  4469 | D:6      | Slain by Menkaure

Illustrated notes

Levels and vault maps discovered:
D:1:      grunt_arrival_crossed_arrows, layout_basic
D:2:      layout_basic, hellmonk_ecumenical_altar_blasted
D:3:      layout_basic, nicolae_ru_path_of_blood
D:4:      layout_loops_corners, minmay_temple_entry_hall, serial_shops,
          nicolae_diamond_shop
D:5:      layout_basic, makhleb_blood_cavern_becter, serial_demonic,
          serial_demonic_b, serial_demonic_f, serial_demonic_b,
          serial_demonic_d, serial_demonic_d, dreamdust_mushroom_princess
D:6:      layout_cave_pods, mainiacjoe_overflow_brackets,
          grunt_temple_overflow_forces_of_nature, nicolae_grassy_gnolls,
          uniq_maggie, uniq_menkaure
Temple:   grunt_temple_mini_profane

Skill      XL: |  1  2  3  4  5  6  7  8 |
---------------+-------------------------+-----
Axes           | 3 4 5 6 7 8 |  8.0
Fighting       | 4 5 6 |  6.0
Armour         | 4 5 |  5.2
Shields        | 4 |  4.6
Dodging        | 1 |  1.9
Stealth        | 1 |  1.0

Action                   |  1- 3 |  4- 6 |  7- 9 || total
-------------------------+-------+-------+-------++-------
Melee: War axe           |    98 |   150 |    80 ||   328
  Use: Scroll            |     1 |     6 |     2 ||     9
       Potion            |       |     1 |       ||     1
 Stab: Paralysed         |       |     1 |     1 ||     2
Armor: Scale mail        |    58 |   100 |    48 ||   206
Dodge: Dodged            |    60 |    75 |    46 ||   181
Block: Buckler           |    22 |    36 |    19 ||    77

Table legend: (Time is in decaauts)
 A = Elapsed time spent in this place.
 B = Non-inter-level travel time spent in this place.
 C = Inter-level travel time spent in this place.
 D = Time resting spent in this place.
 E = Time spent auto-exploring this place.
 F = Levels seen in this place.
 G = Mean time per level.
                   A        B        C        D        E       F      G
               +--------+--------+--------+--------+--------+-----+--------+
         Total |   4564 |   4263 |    301 |    163 |   3251 |   7 |  652.0 |
       Dungeon |   4343 |   4084 |    259 |    163 |   3080 |   6 |  723.8 |
        Temple |    220 |    178 |     42 |      0 |    171 |   1 |  220.0 |
               +--------+--------+--------+--------+--------+-----+--------+

Top non-repeatable levels by time:
     D:1: 1092 daAuts
     D:5: 1008 daAuts
     D:4: 987 daAuts
     D:3: 587 daAuts
     D:2: 456 daAuts
  Temple: 220 daAuts
     D:6: 212 daAuts
